 Dungeon Crawl Stone Soup version 0.28.0-53-g5a82cb258f (webtiles) character file.

Game seed: 18292297198248136977

2135 DocClef the Grappler (level 9, -9/76 HPs)
             Began as a Troll Hunter on July 9, 2022.
             Was an Initiate of Okawaru.
             Killed from afar by Dowan (12 damage)
             ... with a stone arrow
             ... on level 6 of the Dungeon.
             The game lasted 00:04:58 (3890 turns).

DocClef the Grappler (Troll Hunter)                 Turns: 3890, Time: 00:04:59

Health: -9/76      AC:  6    Str: 26    XL:     9   Next: 9%
Magic:  8/8        EV:  9    Int:  9    God:    Okawaru [......]
Gold:   34         SH:  0    Dex: 10    Spells: 8/8 levels left

rFire   . . .      SeeInvis .     - Unarmed
rCold   + + .      Faith    .   (no shield)
rNeg    . . .      Spirit   .   b - +0 robe
rPois   .          Reflect  .   (helmet restricted)
rElec   +          Harm     .   r - +1 cloak of Valour {rElec rC+ Will+ Int+2}
rCorr   .          Rampage  .   (gloves unavailable)
Will    +....                   (boots unavailable)
Stlth   +.........              (no amulet)
HPRegen 1.02/turn               j - ring of protection from cold
MPRegen 0.11/turn               (no ring)

@: mighty
A: large, unfitting armour, claws 3, regeneration 1, shaggy fur 1, tough skin 1
a: Renounce Religion


You were on level 6 of the Dungeon.
You worshipped Okawaru.
Okawaru was noncommittal.
You visited 1 branch of the dungeon, and saw 6 of its levels.

You collected 250 gold pieces.
You spent 216 gold pieces at shops.

Inventory:

Hand Weapons
 a - a +0 short sword
Missiles
 c - a large rock (quivered)
 d - 2 throwing nets
Armour
 b - a +0 robe (worn)
 r - the +1 cloak of Valour (worn) {rElec rC+ Will+ Int+2}
   (You acquired it on level 5 of the Dungeon)

   Int:       It affects your intelligence (+2).
   rC:        It protects you from cold.
   rElec:     It insulates you from electricity.
   Will:      It increases your willpower.
Jewellery
 j - a ring of protection from cold (left claw)
 o - an amulet of magic regeneration
Scrolls
 k - 3 scrolls of teleportation
 n - 7 scrolls of identify
 q - 2 scrolls of immolation
 u - a scroll of holy word
Potions
 f - a potion of mutation {unknown}
 g - a potion of ambrosia {unknown}
 h - 3 potions of heal wounds {unknown}
 i - 2 potions of lignification {unknown}
 l - a potion of degeneration {unknown}
 m - 2 potions of curing {unknown}
 p - a potion of flight {unknown}
 s - a potion of brilliance {unknown}


   Skills:
 - Level 1.5 Fighting
 - Level 3.6 Throwing
 - Level 1.5 Dodging
 - Level 0.3 Stealth
 + Level 11.9 Unarmed Combat


You had 8 spell levels left.
You didn't know any spells.
Your spell library contained the following spells:

 Spells                   Type           Power      Damage    Failure   Level
 Scorch                   Fire           0%         2d5       52%         2
 Dazzling Flash           Conj/Hex       0%         N/A       77%         3
 Flame Wave               Conj/Fire      0%         2d4       99%         4
 Iskenderun's Mystic Bla  Conj/Tloc      0%         2d3       99%         4
 Starburst                Conj/Fire      0%         6d3       100%        6
 Borgnjor's Revivificati  Necr           0%         N/A       100%        8
 Necromutation            Tmut/Necr      0%         N/A       100%        8
 Death's Door             Necr           0%         N/A       100%        9
 Summon Cactus Giant      Summ           Unusable   N/A       N/A         6

Dungeon Overview and Level Annotations

Branches:
Dungeon (6/15)
 Temple: D:4-7

Altars:
Okawaru
Qazlal
Wu Jian

Shops:
D:5 ?

Portals:
Ossuary: D:6

Annotations:
D:6 Dowan


Innate Abilities, Weirdness & Mutations

You are too large for most types of armour.
You have claws for hands.
Your natural rate of healing is unusually fast.
You are covered in fur. (AC +1)
You have tough skin. (AC +1)


Message History

Duvessa hits you with a +0 short sword.
* * * LOW HITPOINT WARNING * * *
You mangle Duvessa!!
You kill Duvessa!
Okawaru accepts your kill.
Dowan's eyes darken. "You have made a black mistake."
Dowan seems to find hidden reserves of power!
You closely miss the phantom. The phantom closely misses you.
Dowan says, "Magic will overcome all!"
You barely miss the phantom. The phantom hits you.
* * * LOW HITPOINT WARNING * * *
You claw the phantom!
The phantom is moderately damaged.
The phantom hits you.
* * * LOW HITPOINT WARNING * * *
The phantom blinks!
You blink.
Found a ring mail, a bronze wand and 13 gold pieces.
Throw: 3 large rocks
Press: ? - help, Q - select action, (/) - cycle Shift-Dir - straight line, f - Dowan
Aim: Dowan, wielding a +0 dagger and wearing a +2 robe (fast, 43% to hit)
You throw a large rock. The large rock hits Dowan.
Dowan is lightly wounded.
The phantom closely misses you.
Throw: 2 large rocks
Press: ? - help, Q - select action, (/) - cycle Shift-Dir - straight line, f/p - Dowan
Aim: Dowan, wielding a +0 dagger and wearing a +2 robe (lightly wounded, fast, 43% to hit)
You throw a large rock. The large rock hits Dowan!
Dowan is heavily wounded.
Dowan points at you and mumbles some strange words.
The stone arrow hits you!
* * * LOW HITPOINT WARNING * * *
The phantom hits you.
* * * LOW HITPOINT WARNING * * *
Dowan hits you but does no damage. The phantom hits you.
* * * LOW HITPOINT WARNING * * *
It was a potion of might.
You feel very mighty all of a sudden. Dowan gestures at you while chanting.
The stone arrow hits you!
You die...

...... ......
......#########
..........(§..#
.........(###.#
.....∩..(.# #.#
....!.We..# #.#
.......@[.# #.#
..........# #.#
..........# #.#
..........# #.#
..........# #<#
......./$.# ###
..........#
###########


You could see a phantom and Dowan (fast).

Vanquished Creatures
  Pikel (D:5)
  Grinder (D:5)
  Menkaure (D:4)
  Edmund (D:6)
  A water moccasin (D:5)
  Duvessa (D:6)
  2 black bears (D:5)
  2 ice beasts
  2 ogres
  A bullfrog (D:6)
  A scorpion (D:4)
  A water moccasin zombie (D:5)
  2 bullfrog zombies (D:5)
  3 jellies
  A hound skeleton (D:4)
  4 gnolls (D:2)
  5 adders
  A white imp (D:6)
  4 worms
  2 dart slugs
  6 orcs
  4 endoplasms
  4 giant cockroaches
  14 goblins
  9 hobgoblins
  4 jackals (D:1)
  3 quokkas
  6 ball pythons
  4 bats
  5 frilled lizards
  4 kobolds
  6 rats
106 creatures vanquished.

Notes
Turn   | Place    | Note
-------+----------+-------------------------------------------
     0 | D:1      | DocClef the Troll Hunter began the quest for the Orb.
     0 | D:1      | Reached XP level 1. HP: 19/19 MP: 0/0
    86 | D:1      | Reached skill level 1 in Unarmed Combat
    90 | D:1      | Reached XP level 2. HP: 26/27 MP: 1/1
   176 | D:1      | Reached skill level 2 in Unarmed Combat
   685 | D:2      | Reached XP level 3. HP: 33/33 MP: 2/2
   708 | D:2      | Reached skill level 3 in Unarmed Combat
   967 | D:2      | You fall into a shaft and drop 2 floors!
   967 | D:4      | Noticed a scorpion
   978 | D:4      | Killed a scorpion
   979 | D:4      | Reached skill level 4 in Unarmed Combat
   979 | D:4      | Reached XP level 4. HP: 15/41 MP: 3/3
  1073 | D:4      | Noticed an ice beast
  1080 | D:4      | Killed an ice beast
  1081 | D:4      | Reached skill level 5 in Unarmed Combat
  1081 | D:4      | Reached XP level 5. HP: 48/48 MP: 4/4
  1147 | D:4      | Noticed Menkaure
  1178 | D:4      | Killed Menkaure
  1179 | D:4      | Reached skill level 6 in Unarmed Combat
  1179 | D:4      | Reached XP level 6. HP: 11/55 MP: 5/5
  1330 | D:3      | Found a faded altar of an unknown god.
  2192 | D:3      | Found an ornate altar of the Wu Jian Council.
  2550 | D:4      | Reached skill level 7 in Unarmed Combat
  2630 | D:4      | Reached XP level 7. HP: 22/62 MP: 6/6
  2933 | D:5      | Entered Level 5 of the Dungeon
  3009 | D:5      | Reached skill level 8 in Unarmed Combat
  3070 | D:5      | Noticed Grinder
  3078 | D:5      | Killed Grinder
  3154 | D:5      | Reached skill level 9 in Unarmed Combat
  3211 | D:5      | Found a stormy altar of Qazlal.
  3229 | D:5      | Reached XP level 8. HP: 68/70 MP: 7/7
  3399 | D:5      | Found Tavuy's Magic Scroll Shop.
  3409 | D:5      | Bought 2 scrolls of identify for 48 gold pieces
  3409 | D:5      | Bought a scroll of teleportation for 36 gold pieces
  3409 | D:5      | Bought a scroll of holy word for 90 gold pieces
  3409 | D:5      | Bought a scroll of immolation for 42 gold pieces
  3409 | D:5      | Identified a scroll of acquirement
  3409 | D:5      | Acquired the +1 cloak of Valour {rElec rC+ Will+ Int+2}
  3455 | D:5      | Noticed Pikel
  3471 | D:5      | Killed Pikel
  3472 | D:5      | Reached skill level 11 in Unarmed Combat
  3558 | D:5      | Found an iron altar of Okawaru.
  3789 | D:5      | Became a worshipper of Warmaster Okawaru
  3862 | D:6      | Found a sand-covered staircase.
  3863 | D:6      | Noticed Edmund
  3864 | D:6      | Noticed Dowan
  3866 | D:6      | Noticed Duvessa
  3873 | D:6      | Killed Edmund
  3876 | D:6      | Reached XP level 9. HP: 41/76 MP: 8/8
  3883 | D:6      | Killed Duvessa
  3889 | D:6      | HP: 2/76 [phantom (6)]
  3890 | D:6      | Killed from afar by Dowan

Illustrated notes

Levels and vault maps discovered:
D:1:      evilmike_arrival_rings, layout_basic, minmay_split_cup_small
D:2:      layout_loops_ring
D:3:      layout_basic, mainiacjoe_overflow_alcove_2, basic_ecumenical_altar
D:4:      layout_gridville, uniq_menkaure
D:5:      layout_loops_ring, mainiacjoe_overflow_cross_hatched, serial_shops,
          nicolae_shop_waterfront, kennysheep_diamond, uniq_grinder, uniq_pikel
D:6:      layout_basic, enter_ossuary_1, minmay_misc_feat_alley,
          uniq_blork_the_orc, uniq_edmund, uniq_duvessa

Skill      XL: |  1  2  3  4  5  6  7  8 |
---------------+-------------------------+-----
Unarmed Combat | 1 2 4 5 6 7 9 11 | 11.9
Fighting       | |  1.5
Throwing       | |  3.6
Dodging        | |  1.5
Stealth        | |  0.3

Action                   |  1- 3 |  4- 6 |  7- 9 || total
-------------------------+-------+-------+-------++-------
Melee: Unarmed           |    97 |   105 |   100 ||   302
       Punch             |     3 |     1 |     2 ||     6
Throw: Large rock        |     1 |     3 |     4 ||     8
  Use: Scroll            |       |       |     2 ||     2
       Potion            |       |       |     1 ||     1
 Stab: Sleeping          |     3 |     1 |     1 ||     5
Armor: Robe              |    35 |    27 |    28 ||    90
Dodge: Dodged            |    55 |    45 |    34 ||   134
